Map: Sludge City

Players

Kyoto - Winner!

  • Race: Protoss Protoss
  • League: Grandmaster
  • Spawn Location: 9:00

Dreamer

  • Race: Terran Terran
  • Spawn Location: 5:00

RondaRousey - Winner!

  • Race: Terran Terran
  • Spawn Location: 11:00

llllllllllll

  • Race: Terran Terran
  • Spawn Location: 5:00

VOD

Have the link to the VOD?

Description

Time

  • Played on: April 1, 2017, 11:20 p.m.
  • Length: 14:34
Show
View Real Time Build Order
Export as new Build Order

Kyoto Protoss - Winner!

Build Orders: Oracle Opening 

Get SALT Encoding   

  12  0:01  Probe (Chrono Boost)  
  13  0:11  Probe (Chrono Boost)  
  14  0:17  Pylon  
  14  0:22  Probe (Chrono Boost)  
  16  0:35  Probe (Chrono Boost)  
  16  0:38  Gateway  
  16  0:46  Probe (Chrono Boost)  
  16  0:48  Assimilator  
  17  0:56  Probe (Chrono Boost)  
  18  1:00  Assimilator  
  18  1:06  Assimilator  
  18  1:07  Probe (Chrono Boost)  
  19  1:17  Probe (Chrono Boost)  
  20  1:19  Assimilator  
  20  1:28  Probe (Chrono Boost)  
  20  1:29  Cybernetics Core  
  21  1:38  Probe (Chrono Boost)  
  22  1:47  Pylon  
  22  1:49  Probe (Chrono Boost)  
  23  2:05  Adept  
  27  2:08  Mothership Core (Chrono Boost)  
  27  2:17  Stargate  
  27  2:27  Warp Gate  
  27  2:28  Probe (Chrono Boost)  
  28  2:31  Adept  
  31  2:44  Probe (Chrono Boost)  
  31  3:01  Pylon  
  30  3:06  Nexus  
  30  3:18  Probe (Chrono Boost)  
  30  3:19  Pylon  
  31  3:26  Pylon  
  31  3:33  Pylon  
  31  3:35  Oracle  
  35  3:45  Probe (Chrono Boost)  
  35  3:54  Robotics Facility  
  35  3:58  Probe (Chrono Boost)  
  36  4:06  Oracle  
  37  4:10  Probe (Chrono Boost)  
  40  4:22  Probe (Chrono Boost)  
  39  4:29  Probe (Chrono Boost)  
  38  4:33  Assimilator  
  38  4:34  Probe (Chrono Boost)  
  38  4:37  Oracle  
  39  4:39  Probe (Chrono Boost)  
  43  4:51  Probe (Chrono Boost)  
  45  4:53  Probe (Chrono Boost)  
  45  4:54  Observer, Twilight Council  
  46  5:11  Probe (Chrono Boost)  
  46  5:12  Probe (Chrono Boost)  
  48  5:14  Gateway  
  48  5:16  Gateway  
  48  5:23  Probe (Chrono Boost)  
  48  5:24  Probe (Chrono Boost)  
  48  5:26  Blink  
  50  5:33  Probe (Chrono Boost)  
  50  5:34  Gateway  
  52  5:36  Probe (Chrono Boost)  
  52  5:37  Gateway  
  49  5:44  Probe (Chrono Boost)  
  49  5:46  Probe (Chrono Boost)  
  49  5:48  Assimilator  
  51  5:54  Probe (Chrono Boost)  
  52  5:57  Stalker  
  52  6:01  Nexus  
  52  6:02  Pylon x2  
  54  6:07  Pylon  
  54  6:10  Pylon  
  54  6:11  Probe x2 (Chrono Boost)  
  56  6:14  Forge  
  56  6:21  Warp Prism, Probe x2 (Chrono Boost)  
  60  6:32  Probe (Chrono Boost)  
  61  6:39  Protoss Ground Weapons Level 1  
  58  6:44  Probe x2 (Chrono Boost)  
  58  6:46  Gateway  
  59  6:48  Gateway  
  59  6:50  Gateway  
  59  6:55  Pylon, Probe (Chrono Boost), Stalker x3  
  59  6:56  Probe (Chrono Boost)  
  67  7:05  Stalker x2  
  71  7:09  Observer  
  71  7:11  Probe (Chrono Boost)  
  73  7:18  Stalker x2  
  73  7:19  Stalker  
  73  7:22  Probe (Chrono Boost)  
  80  7:32  Stalker x2  
  84  7:38  Immortal  
  84  7:43  Resonating Glaives, Probe x2 (Chrono Boost)  
  90  7:47  Pylon  
  90  7:53  Stalker x2  
  90  7:55  Pylon  
  94  7:59  Pylon  
  94  8:01  Adept x4  
  102  8:08  Stalker x2  
  105  8:18  Probe (Chrono Boost)  
  105  8:19  Probe (Chrono Boost)  
  107  8:22  Probe (Chrono Boost)  
  107  8:26  Assimilator  
  108  8:29  Assimilator  
  108  8:30  Protoss Ground Armor Level 1  
  108  8:43  Robotics Bay  
  108  8:45  Templar Archives  
  108  8:50  Gateway  
  108  8:53  Gateway  
  108  8:55  Zealot  
  108  8:56  Adept, Zealot x2  
  108  8:57  Gateway  
  108  8:58  Adept x3  
  108  9:02  Gateway  
  115  9:17  Immortal  
  114  9:27  Robotics Facility  
  114  9:28  Robotics Facility  
  113  9:32  Psionic Storm  
  113  9:35  Nexus, Pylon  
  105  9:38  Pylon  
  105  9:45  High Templar x2  
  105  9:46  High Templar x2  
  105  9:49  Assimilator  
  113  9:54  Assimilator  
  113  9:58  Adept x2  
  113  9:59  Adept x2  
  121  10:12  Immortal  
  121  10:13  Probe (Chrono Boost)  
  122  10:16  Immortal  
  122  10:17  Immortal  
  107  10:38  Probe (Chrono Boost), Stalker x2  
  107  10:39  Adept x4  
  107  10:40  Stalker x2  
  116  10:42  Archon x2  
  116  10:48  Probe (Chrono Boost)  
  113  11:01  Stalker x3  
  113  11:02  Stalker  
  113  11:03  Stalker x2  
  125  11:16  Nexus  
  125  11:31  High Templar x4  
  125  11:32  Stalker  
  133  11:42  Observer x2, Probe x2 (Chrono Boost)  
  133  11:45  Observer  
  138  11:55  High Templar  
  140  12:02  Warp Prism  
  142  12:18  Zealot  
  142  12:19  Stalker x5  
  142  12:20  Stalker  
  156  12:29  Nexus  
  156  12:32  Pylon  
  150  12:50  Immortal x2  
  148  12:56  High Templar x4  
  148  12:57  Zealot x4  
  170  13:01  Archon  
  148  13:32  Immortal x2  
  111  13:37  Immortal  
  111  13:40  Stalker x5  
  111  13:41  Stalker  
  101  14:03  High Templar x4  
  101  14:04  Zealot x2  
  121  14:17  Zealot  
  121  14:18  Zealot x2  
  121  14:19  Zealot  
Show
View Real Time Build Order
Export as new Build Order

Dreamer Terran 

Build Orders: MMM Bio 

Get SALT Encoding   

  12  0:01  SCV  
  13  0:13  SCV  
  14  0:18  Supply Depot  
  14  0:25  SCV  
  15  0:29  Refinery  
  15  0:39  SCV  
  16  0:46  Barracks  
  16  0:51  SCV  
  17  1:03  SCV  
  18  1:15  SCV  
  20  1:35  Reaper, Orbital Command  
  20  1:46  Command Center  
  20  1:55  Supply Depot  
  20  2:01  SCV  
  21  2:13  SCV, Reaper  
  21  2:14  Barracks  
  23  2:22  Barracks  
  23  2:26  SCV  
  24  2:35  Bunker  
  24  2:38  SCV  
  25  2:45  Reaper  
  25  2:50  SCV  
  27  2:58  Refinery  
  27  2:59  Orbital Command  
  27  3:01  Reaper  
  28  3:16  Reaper  
  28  3:17  Reaper  
  28  3:19  SCV  
  31  3:25  SCV  
  32  3:29  Factory  
  32  3:31  SCV  
  33  3:35  Barracks Tech Lab  
  33  3:37  SCV  
  34  3:43  SCV  
  34  3:46  Engineering Bay  
  35  3:49  Barracks Reactor, SCV  
  35  3:55  SCV  
  36  4:01  SCV  
  36  4:08  Marine x2  
  36  4:09  SCV, Stimpack  
  37  4:13  SCV  
  38  4:23  Cyclone  
  33  4:24  SCV  
  33  4:25  Marine  
  33  4:26  Marine x3  
  31  4:42  SCV  
  31  4:43  SCV, Marine x2  
  31  4:44  Marine x2  
  37  4:45  Missile Turret  
  34  4:54  SCV  
  34  4:55  SCV  
  36  5:01  Marine x3  
  36  5:02  Marine  
  36  5:04  Missile Turret  
  36  5:06  SCV  
  41  5:07  SCV  
  41  5:18  SCV  
  41  5:19  SCV, Marine x3  
  41  5:20  Marine, Starport  
  37  5:30  Factory Reactor, SCV  
  37  5:31  SCV  
  39  5:42  SCV  
  40  5:44  SCV  
  41  5:51  Marine x3  
  41  5:54  SCV  
  41  5:56  SCV  
  46  5:57  Supply Depot  
  46  6:17  Refinery  
  46  6:18  Medivac, SCV x2, Marine  
  46  6:21  Supply Depot  
  51  6:25  Marine x2  
  51  6:26  Marine  
  51  6:32  Supply Depot  
  54  6:42  Medivac, Marine  
  54  6:43  SCV x2, Marine  
  60  6:47  Marine x2  
  62  6:55  SCV x2  
  62  7:00  Marine  
  65  7:01  Combat Shields, Marine  
  65  7:07  SCV x2  
  68  7:12  Command Center  
  68  7:14  Barracks Reactor  
  68  7:17  Marine  
  68  7:18  Marine  
  68  7:19  Factory Tech Lab  
  70  7:26  Terran Infantry Weapons Level 1  
  70  7:32  Supply Depot  
  70  7:39  SCV x2  
  70  7:43  Marine  
  70  7:46  Barracks  
  70  7:53  Marine x2  
  70  7:54  SCV x2  
  74  8:04  Marine x3  
  75  8:06  SCV x2  
  75  8:08  Medivac x2  
  75  8:12  Marine  
  77  8:15  Refinery  
  77  8:17  Supply Depot  
  77  8:18  SCV x2  
  77  8:19  Supply Depot  
  76  8:21  Marine  
  76  8:25  Engineering Bay  
  78  8:27  Supply Depot  
  78  8:30  SCV x2  
  78  8:31  Orbital Command  
  79  8:36  Barracks Reactor  
  79  8:42  SCV x2, Marine x3  
  84  8:52  Marine x2  
  84  8:54  SCV x2  
  88  8:55  Terran Infantry Armor Level 1  
  88  9:00  Marine x3  
  91  9:06  SCV  
  85  9:10  Marine x2  
  85  9:16  Marine x2  
  86  9:18  Marine x3  
  86  9:28  SCV, Marine x2  
  87  9:34  Marine x2  
  87  9:36  Marine x3  
  91  9:45  Marine  
  91  9:46  Armory, Marine  
  91  9:52  Marine x2  
  95  9:53  Marine  
  95  9:54  Marine  
  97  10:02  Marine  
  97  10:03  Marine x2, Medivac  
  100  10:10  Marine  
  100  10:12  Marine  
  98  10:22  Marine  
  92  10:35  Marine  
  92  10:43  Marine x4  
  92  10:44  Marine  
  92  10:45  Marine  
  90  10:53  Marine  
  87  11:00  Terran Infantry Weapons Level 2  
  87  11:01  Terran Infantry Armor Level 2, Marine x4  
  92  11:04  SCV  
  92  11:07  SCV  
  93  11:13  Marine  
  93  11:16  Medivac x2  
  98  11:21  Marine x2  
  94  11:38  Marine x3  
  93  11:45  Marine x2  
  95  11:47  Marine  
  95  11:50  Marine  
  95  11:51  Orbital Command  
  95  11:52  Siege Tank, Medivac x2  
  104  11:55  Marine  
  104  11:56  Marine x2  
  107  12:03  Marine x2  
  107  12:05  Marine  
  107  12:07  Marine  
  111  12:22  Marine x2  
  107  12:41  Marine  
  107  12:42  Marine x2  
  102  13:10  Command Center  
  102  13:17  Marine  
  102  13:18  Marine x3  
  101  13:25  Marine x2  
  87  13:29  Marine  
  67  13:35  Marine  
  62  13:42  Marine  
  61  13:51  Marine  
Show
View Real Time Build Order
Export as new Build Order

RondaRousey Terran - Winner!

Build Orders: MMM Bio 

Get SALT Encoding   

  12  0:00  SCV  
  13  0:12  SCV  
  14  0:18  Supply Depot  
  14  0:24  SCV  
  15  0:30  Refinery  
  15  0:42  Barracks  
  15  0:45  SCV  
  16  0:58  SCV  
  16  1:03  Barracks  
  17  1:10  SCV  
  18  1:16  Refinery  
  18  1:22  SCV  
  19  1:28  Barracks Reactor  
  19  1:37  Orbital Command  
  19  1:47  Supply Depot  
  19  1:49  Barracks Reactor  
  19  2:02  SCV  
  19  2:04  Reaper x2  
  22  2:14  SCV  
  23  2:26  Reaper x2  
  23  2:27  SCV  
  26  2:36  Reaper x2  
  28  2:39  SCV  
  29  2:52  Command Center  
  29  2:58  Reaper x2  
  31  3:09  Reaper  
  31  3:14  Reaper  
  31  3:19  Supply Depot  
  31  3:41  SCV, Reaper x3  
  35  3:42  Supply Depot  
  35  3:47  Reaper  
  36  3:53  SCV  
  37  4:05  SCV  
  37  4:13  SCV, Reaper  
  37  4:17  SCV, Reaper  
  39  4:18  Reaper  
  39  4:22  Reaper  
  41  4:25  SCV  
  41  4:37  SCV  
  42  4:38  SCV  
  42  4:45  Reaper  
  43  4:49  Reaper  
  43  4:52  SCV, Reaper  
  43  4:58  Orbital Command  
  43  4:59  Barracks  
  43  5:00  Barracks  
  42  5:10  Marine  
  40  5:14  SCV  
  40  5:17  Marine  
  40  5:21  Marine  
  40  5:24  Marine  
  40  5:25  Engineering Bay  
  40  5:26  SCV  
  42  5:33  Marine  
  42  5:34  SCV  
  43  5:38  Marine x2  
  43  5:39  SCV  
  43  5:42  Factory, Marine  
  46  5:43  Refinery  
  46  5:45  Refinery  
  47  5:50  Barracks Tech Lab x2  
  47  5:51  Marine  
  47  5:54  SCV  
  47  5:55  Terran Infantry Weapons Level 1  
  47  5:56  Marine x2  
  49  5:57  Supply Depot  
  49  5:59  SCV  
  49  6:00  Marine  
  51  6:06  SCV  
  51  6:09  Marine  
  53  6:11  SCV  
  53  6:12  Stimpack  
  53  6:14  Marine x3  
  53  6:15  Combat Shields, Marine  
  53  6:18  Marine  
  58  6:19  SCV  
  58  6:23  SCV  
  61  6:27  Marine, Supply Depot  
  61  6:31  SCV  
  61  6:32  Marine  
  64  6:34  Marine x2  
  64  6:35  SCV  
  64  6:38  Marine x2  
  64  6:39  Factory Reactor  
  69  6:43  SCV  
  69  6:44  Starport  
  70  6:48  SCV, Marine  
  70  6:50  Marine, Supply Depot  
  70  6:51  Marine  
  70  6:52  Marauder  
  76  6:55  SCV  
  76  6:56  Marine  
  76  6:57  Supply Depot  
  78  7:10  Command Center  
  78  7:11  Marine x3  
  78  7:12  Marauder, Engineering Bay  
  78  7:13  Marauder  
  85  7:17  SCV  
  85  7:18  Marine  
  85  7:21  Factory Tech Lab  
  87  7:23  SCV  
  87  7:25  Supply Depot  
  87  7:27  Medivac x2  
  92  7:30  Supply Depot  
  92  7:33  Marine  
  92  7:34  Marine  
  94  7:44  Marine x2  
  94  7:45  SCV  
  94  7:47  Siege Tank, Marine, Marauder  
  94  7:48  SCV  
  94  7:51  Marine  
  101  7:52  Marine  
  102  7:59  Medivac x2  
  102  8:03  Marine  
  102  8:04  SCV  
  108  8:06  Marauder  
  108  8:10  Terran Infantry Armor Level 1  
  110  8:13  SCV  
  110  8:14  Armory  
  110  8:21  Marine  
  110  8:23  Marine x2, Marauder  
  110  8:27  Orbital Command  
  115  8:29  Missile Turret  
  115  8:37  Missile Turret  
  115  8:38  Missile Turret  
  115  8:40  Siege Tank, Missile Turret  
  115  8:41  Medivac  
  120  8:44  Marine x2  
  122  8:49  Supply Depot  
  122  8:50  Supply Depot  
  122  8:54  Marine, Marauder  
  125  8:59  Factory  
  125  9:11  SCV, Marine x2  
  128  9:19  Marine  
  128  9:20  Marine  
  128  9:21  Marine, Marauder  
  128  9:22  Siege Tank, Terran Infantry Weapons Level 2  
  133  9:25  SCV  
  133  9:26  SCV  
  133  9:27  Refinery  
  133  9:29  Marine x2  
  137  9:32  SCV  
  138  9:39  Marauder  
  138  9:40  SCV  
  141  9:51  Marine  
  141  9:59  Supply Depot  
  141  10:00  Factory Tech Lab, Supply Depot x2  
  141  10:02  Supply Depot  
  141  10:03  Refinery  
  141  10:07  Marine, Marauder  
  141  10:16  Terran Infantry Armor Level 2  
  141  10:20  SCV x3, Marine x3  
  141  10:21  Siege Tank, Medivac, Marauder  
  149  10:25  Marine  
  155  10:29  Marauder  
  155  10:35  Siege Tank  
  160  10:38  Marine x3  
  160  10:40  SCV  
  160  10:42  Marine, Marauder  
  166  10:50  Marauder  
  166  10:53  Siege Tank  
  166  10:55  Command Center  
  166  10:56  Marine x3  
  167  10:57  SCV x2  
  167  11:00  Marine  
  167  11:03  Marine  
  161  11:07  Siege Tank  
  164  11:11  Marine  
  164  11:13  SCV  
  164  11:14  Marine x3  
  164  11:18  Marine  
  160  11:21  Marauder  
  158  11:26  SCV  
  158  11:28  SCV  
  158  11:39  Siege Tank, Marine x2  
  165  11:46  Terran Infantry Weapons Level 3  
  165  11:50  Command Center  
  165  11:56  Medivac  
  165  12:04  Missile Turret  
  165  12:05  Marine  
  165  12:07  Medivac, Marauder  
  170  12:14  Marine  
  170  12:15  Marine  
  163  12:23  Marine x2  
  163  12:27  Planetary Fortress  
  163  12:29  Marine  
  164  12:31  Marine  
  164  12:32  Marine  
  166  12:39  Viking x2  
  170  12:46  Marine x2  
  170  12:47  Marine  
  170  12:48  SCV  
  170  12:49  Marine  
  174  12:57  Marine  
  174  12:58  Marine  
  173  13:00  SCV  
  173  13:03  Marine  
  173  13:04  Marine  
  175  13:09  Medivac x2  
  175  13:12  Marine  
  180  13:15  Marine  
  180  13:17  Marauder  
  178  13:26  Marine x2  
  168  13:27  Marauder  
  168  13:29  Marine  
  168  13:32  SCV  
  168  13:33  Marine  
  155  13:38  Marauder  
  155  13:44  Marine x2  
  155  13:47  Marine  
  155  13:48  Medivac x2, Marauder  
  164  13:49  Siege Tank  
  164  13:51  Marine  
  162  13:59  SCV, Marine  
  162  14:02  Marine x2  
  156  14:05  Marine  
  156  14:09  Marine  
  155  14:10  Marauder  
  154  14:24  Refinery  
Show
View Real Time Build Order
Export as new Build Order

llllllllllll Terran 

Build Orders: Cyclone Opening, Mech 

Get SALT Encoding   

  12  0:01  SCV  
  13  0:13  SCV  
  14  0:17  Supply Depot  
  14  0:25  SCV  
  15  0:30  Refinery  
  15  0:39  SCV  
  16  0:45  Barracks  
  16  0:51  SCV  
  17  1:03  SCV  
  18  1:15  SCV  
  19  1:32  Orbital Command  
  19  1:35  Barracks Reactor  
  19  1:50  Command Center  
  19  1:58  SCV  
  19  2:01  Factory  
  20  2:08  Supply Depot  
  20  2:10  Marine  
  20  2:14  Marine  
  22  2:19  SCV  
  23  2:29  Marine  
  24  2:31  Bunker  
  24  2:32  Marine  
  24  2:35  SCV  
  25  2:44  Cyclone  
  25  2:47  Marine  
  25  2:49  SCV  
  30  3:01  SCV  
  30  3:11  Marine x2  
  30  3:16  Orbital Command  
  30  3:25  SCV  
  30  3:30  Cyclone, Marine x2  
  35  3:36  Refinery  
  35  3:40  SCV  
  36  3:44  SCV  
  37  3:49  Engineering Bay  
  36  3:56  Marine x2  
  36  3:58  SCV  
  39  4:12  Cyclone  
  39  4:14  Marine x2  
  40  4:19  SCV  
  40  4:22  Supply Depot  
  40  4:25  SCV  
  40  4:28  Missile Turret, Refinery  
  41  4:36  SCV  
  42  4:38  Refinery  
  42  4:44  SCV  
  42  4:52  Cyclone x2  
  30  5:08  SCV  
  30  5:13  SCV  
  30  5:20  SCV, Missile Turret  
  31  5:25  SCV  
  31  5:32  SCV  
  30  5:37  SCV  
  30  5:39  Cyclone x2  
  30  5:41  Command Center  
  37  5:44  SCV  
  38  5:50  SCV  
  38  5:57  SCV  
  39  6:02  SCV  
  40  6:07  Missile Turret  
  40  6:09  SCV  
  38  6:15  Barracks Tech Lab, SCV  
  39  6:21  SCV  
  40  6:27  SCV  
  35  6:33  SCV  
  33  6:44  SCV, Starport  
  33  6:45  SCV  
  32  6:51  Siege Tank  
  35  6:54  Refinery  
  35  6:56  SCV  
  35  6:58  SCV  
  37  7:01  Barracks Reactor  
  37  7:08  SCV, Orbital Command  
  37  7:11  Factory  
  37  7:14  SCV  
  39  7:20  SCV  
  39  7:22  Factory x2  
  40  7:23  Viking  
  40  7:29  SCV  
  43  7:31  Refinery  
  43  7:33  SCV  
  43  7:36  Viking  
  46  7:42  SCV x2  
  48  7:46  SCV  
  48  7:49  Siege Tank  
  52  7:53  Viking  
  52  7:54  SCV  
  55  7:58  SCV  
  55  7:59  Supply Depot  
  55  8:01  SCV  
  55  8:04  Hellion  
  59  8:07  Factory Tech Lab, Factory Reactor  
  59  8:15  Supply Depot  
  59  8:16  Supply Depot  
  59  8:17  SCV x2  
  61  8:21  Siege Tank  
  61  8:22  SCV  
  61  8:26  Supply Depot  
  65  8:29  SCV  
  65  8:35  Hellion x2, Siege Tank  
  65  8:37  SCV x2  
  74  8:44  Supply Depot  
  74  8:47  Armory  
  74  8:49  Refinery  
  74  8:52  Hellion x2  
  74  8:53  Viking  
  80  8:58  Hellion  
  82  9:09  Viking  
  84  9:13  Siege Tank  
  87  9:17  Supply Depot  
  87  9:23  Siege Tank, Viking  
  87  9:33  Hellion x2  
  89  9:42  Liberator  
  89  9:44  Liberator  
  89  9:45  Siege Tank  
  94  9:49  Terran Vehicle Weapons Level 1  
  94  9:51  SCV x2  
  96  9:54  Hellion  
  96  9:55  Siege Tank  
  96  9:57  SCV  
  101  10:03  SCV  
  104  10:14  SCV x2  
  104  10:15  SCV  
  104  10:17  Siege Tank  
  104  10:18  Hellbat  
  109  10:26  Orbital Command  
  109  10:32  Siege Tank  
  103  10:38  Hellbat x2  
  103  10:40  SCV  
  108  10:59  Siege Tank  
  109  11:06  Refinery  
  109  11:12  Refinery  
  109  11:30  Supply Depot x2  
  109  11:31  Supply Depot  
  109  11:32  Supply Depot  
  109  11:45  Terran Vehicle Weapons Level 2  
  109  11:49  Supply Depot  
  109  11:52  Siege Tank x2, SCV x3, Viking, Hellbat x2  
  109  11:53  Viking  
  130  11:54  Hellbat x2  
  130  11:58  Factory, Supply Depot  
  130  11:59  Factory  
  130  12:04  SCV x2  
  130  12:20  Hellbat x3  
  130  12:22  Viking  
  134  12:23  Viking  
  136  12:34  Supply Depot  
  136  12:35  Supply Depot x2  
  136  12:42  Siege Tank  
  136  12:43  Siege Tank, Hellbat x2  
  146  12:46  Factory Tech Lab  
  146  12:48  Factory Tech Lab, Supply Depot  
  146  12:50  Supply Depot  
  146  12:52  Viking x2  
  150  13:04  SCV  
  147  13:15  Siege Tank  
  150  13:22  Viking x2  
  145  13:29  Siege Tank, Hellbat  
  113  13:38  Siege Tank  
  113  13:39  Hellbat  
  96  13:47  Siege Tank  
  79  13:52  Hellbat  
  66  14:01  Siege Tank, Hellbat  
Tags
 
Add a new tag
Caveats
  • Supply blocks, unpowered buildings, or Contaminate may cause inaccurate times.
  • Supply counts are checked every 10 seconds.